 Dungeon Crawl Stone Soup version 0.18-a0-1225-g5d63bca (webtiles) character file.

105 Duffy the Shield-Bearer (level 4, 0/38 HPs)
             Began as a Draconian Fighter on Feb 3, 2016.
             Killed from afar by an orc wizard (6 damage)
             ... with a puff of flame
             ... on level 3 of the Dungeon.
             The game lasted 00:01:25 (1813 turns).

Duffy the Shield-Bearer (Draconian Fighter)         Turns: 1813, Time: 00:01:25

Health: 0/38       AC:  5    Str: 18    XL:     4   Next: 53%
Magic:  4/4        EV: 10    Int:  8    God:
Gold:   110        SH:  9    Dex: 12    Spells: 0 memorised, 3 levels left

rFire  . . .     SeeInvis .     a - +0 flail
rCold  . . .     Gourm    .     (armour unavailable)
rNeg   . . .     Faith    .     b - +0 shield
rPois  .         Spirit   .     (helmet restricted)
rElec  .         Dismiss  .     (no cloak)
rCorr  .         Reflect  .     (no gloves)
SustAt .         Harm     .     (no boots)
MR     .....                    (no amulet)
Stlth  ..........               (no ring)
                                f - ring of loudness (curse)

@: not resistant to hostile enchantments, extremely unstealthy
A: unfitting armour, cold-blooded, AC +5
a: no special abilities


You were on level 3 of the Dungeon.
You were not hungry.

You visited 1 branch of the dungeon, and saw 3 of its levels.

You collected 110 gold pieces.


Innate Abilities, Weirdness & Mutations

Your plain brown scales are hard (AC +5).
Your body does not fit into most forms of armour.
You are cold-blooded and may be slowed by cold attacks.


   Skills:
 - Level 3.2 Fighting
 + Level 3.5 Maces & Flails
 - Level 2.6 Dodging
 + Level 4.4 Shields


You had 3 spell levels left.
You didn't know any spells.

Inventory:

Hand Weapons
 a - a +0 flail (weapon)
Armour
 b - a +0 shield (worn)
Jewellery
 f - a cursed ring of loudness (left hand)
Wands
 o - a wand of flame (25/48)
Scrolls
 e - a scroll of recharging {unknown}
 g - a scroll of enchant armour {unknown}
 h - 2 scrolls of fear {unknown}
 i - a scroll of magic mapping {unknown}
 k - a scroll of identify {unknown}
 n - a scroll of random uselessness {unknown}
Potions
 c - 2 potions of might
 l - 3 potions of curing {unknown}
 m - a potion of agility {unknown}
Comestibles
 d - 2 bread rations

Dungeon Overview and Level Annotations

Branches:
Dungeon (3/15)

Altars:
Okawaru


Message History

The orc wizard mumbles some strange words.
The orc wizard flickers and vanishes!
Deactivating autopickup; reactivate with Ctrl-A.
You sock the orc warrior!
You tail-slap the orc warrior, but do no damage.
The orc warrior is heavily wounded.
You block the orc warrior's attack.
You closely miss the orc warrior.
The orc warrior is heavily wounded.
The orc warrior hits you with a hand axe! x2
You are too injured to fight recklessly!
You are too injured to fight recklessly!
You are too injured to fight recklessly!
You are too injured to fight recklessly!
You are too injured to fight recklessly!
You are too injured to fight recklessly!
You are too injured to fight recklessly!
You are too injured to fight recklessly!
You are too injured to fight recklessly!
You are too injured to fight recklessly!
You are too injured to fight recklessly!
You are too injured to fight recklessly!
You are too injured to fight recklessly!
You are too injured to fight recklessly!
You are too injured to fight recklessly!
You are too injured to fight recklessly!
You are too injured to fight recklessly!
You are too injured to fight recklessly!
You are too injured to fight recklessly!
You are too injured to fight recklessly!
You are too injured to fight recklessly!
You are too injured to fight recklessly!
A puff of flame appears from out of thin air!
The puff of flame hits you!
You die...

. .# .###.##
#.....###
####.......#
#######.Zg.g.....#
#......o#..##....#
#.......#.>.Z....# #
#.......#..{.%...##$.
#...@...[..#.....o...
#...<...#....$)..##..
#...............## #
#.(........####[####
.###.####### #.# ##
#.# #.# #.


You could see an orc warrior, a goblin and a jackal skeleton.

Action                   |  1- 3 |  4- 6 || total
-------------------------+-------+-------++-------
Melee: Flail             |   128 |    19 ||   147
Evoke: Wand              |       |     2 ||     2
  Eat: Chunk             |     2 |     1 ||     3

Notes
Turn   | Place    | Note
--------------------------------------------------------------
     0 | D:1      | Duffy the Draconian Fighter began the quest for the Orb.
     0 | D:1      | Reached XP level 1. HP: 19/19 MP: 1/1
   324 | D:1      | Reached XP level 2. HP: 26/26 MP: 2/2
   946 | D:2      | Reached XP level 3. HP: 25/31 MP: 3/3
  1085 | D:2      | Found an iron altar of Okawaru.
  1151 | D:2      | Noticed Ijyb
  1184 | D:2      | Killed Ijyb
  1184 | D:2      | Reached skill level 3 in Maces & Flails
  1184 | D:2      | Reached skill level 4 in Shields
  1373 | D:2      | Reached XP level 4. HP: 38/38 MP: 4/4
  1791 | D:3      | Noticed an orc warrior
  1813 | D:3      | Killed from afar by an orc wizard

Vault maps used:
D:1:      lightli_iron_boxes, minivault_26, hangedman_decor_growths
D:2:      first_bread, okawaru_ov_weapons_minmay, uniq_iyjb
D:3:      amethyst_overflow_temple_binary, minmay_misc_feat_enclosed

Vanquished Creatures
  Ijyb
  A worker ant
  2 adders
  A giant gecko
  2 giant cockroaches
  2 goblins
  8 hobgoblins
  6 bats
  6 kobolds
  6 rats
35 creatures vanquished.
